 Dungeon Crawl Stone Soup version 0.21-a0-349-g0c35859 (webtiles) character file.

2346 Tulipo the Cruncher (level 9, -4/65 HPs)
             Began as a Mummy Gladiator on Oct 8, 2017.
             Slain by an orc warrior
             ... wielding a +0 scimitar
              (9 damage)
             ... on level 6 of the Dungeon.
             The game lasted 00:11:02 (5831 turns).

Tulipo the Cruncher (Mummy Gladiator)               Turns: 5831, Time: 00:11:03

Health: -4/65      AC: 13    Str: 17    XL:     9   Next: 20%
Magic:  9/9        EV: 11    Int:  8    God:
Gold:   244        SH:  0    Dex: 16    Spells: 8/8 levels left

rFire    . . .     SeeInvis .   a - +0 quarterstaff
rCold    + + .     Gourm    .   (shield currently unavailable)
rNeg     + + +     Faith    .   m - +0 chain mail
rPois    ∞         Spirit   .   c - +0 helmet
rElec    .         Reflect  .   h - scarf {rC+ rF+}
rCorr    .         Harm     .   (no gloves)
MR       +....                  (no boots)
Stlth    ..........             (no amulet)
HPRegen  0.20/turn              s - +3 ring of protection
MPRegen  0.11/turn              o - +3 ring of evasion

@: no status effects
A: no food or potions, fire vulnerability, cold resistance 1, negative energy
resistance 3, torment resistance, unbreathing
a: no special abilities


You were on level 6 of the Dungeon.
You were not hungry.

You visited 1 branch of the dungeon, and saw 6 of its levels.

You collected 244 gold pieces.

Inventory:

Hand Weapons
 a - a +0 quarterstaff (weapon)
Armour
 b - a +0 leather armour
 c - a +0 helmet (worn)
 d - a +0 shield
 h - a scarf of resistance (worn)
 m - a +0 chain mail (worn)
Jewellery
 e - a +2 ring of evasion
 o - a +3 ring of evasion (right hand)
 q - an uncursed amulet of inaccuracy
 s - a +3 ring of protection (left hand)
 t - an uncursed ring of magical power {unknown}
 u - a cursed -2 ring of strength {unknown}
Wands
 r - a wand of scattershot (0/9)
Scrolls
 f - 2 scrolls of remove curse
 g - 2 scrolls of recharging {unknown}
 i - 6 scrolls of identify
 j - a scroll of teleportation {unknown}
 k - a scroll of immolation {unknown}
 l - a scroll of amnesia {unknown}
 n - a scroll of noise {unknown}
 p - a scroll of enchant armour {unknown}
 v - 2 scrolls of fear {unknown}


   Skills:
 + Level 4.2 Fighting
 * Level 9.2 Staves
 - Level 2.0 Throwing
 + Level 3.4 Armour
 + Level 2.9 Dodging


You had 8 spell levels left.
You didn't know any spells.

Dungeon Overview and Level Annotations

Branches:
Dungeon (6/15)
 Temple: D:4-7

Altars:
Ashenzari
Fedhas
Makhleb


Innate Abilities, Weirdness & Mutations

You do not eat or drink.
Your flesh is vulnerable to fire.
You are immune to poison.
Your flesh is cold resistant. (rC+)
You are immune to negative energy. (rN+++)
You are immune to unholy pain and torment.
You can survive without breathing.


Message History

The orc warrior is moderately wounded.
You hit the orc warrior but do no damage.
The orc warrior is moderately wounded.
The orc barely misses you. The orc warrior misses you.
You hit the orc warrior.
The orc warrior is heavily wounded.
The orc closely misses you.
The orc warrior hits you with a scimitar!
* * * LOW HITPOINT WARNING * * *
You closely miss the orc warrior.
The orc warrior is heavily wounded.
The orc hits you but does no damage.
Your chain mail prevents you from hitting the orc warrior.
The orc warrior is heavily wounded.
The orc warrior closely misses you.
You hit the orc warrior but do no damage.
The orc warrior is heavily wounded.
The orc closely misses you.
The orc warrior hits you with a scimitar!
You die...

♣P....#.......
.♣♣.............
...............
♣P............
♣.............
♣............
♣♣♣♣..$o).......
.......o@.......
.........)......
...............#
♣P♣.....<......#
.P.....?.......#
................
....##.......##.
#### ##.....##
###..##


You could see an orc warrior and an orc.

Vanquished Creatures
  Grinder (D:3)
  The ghost of kohrah the Vexing, an amateur DsAM (D:3)
  Sigmund (D:3)
  A water moccasin (D:5)
  An ice beast (D:5)
  A sky beast (D:5)
  A phantom (D:5)
  4 ogres
  A centaur (D:5)
  2 scorpions (D:4)
  3 wights (D:4)
  2 howler monkeys (D:4)
  A crimson imp (D:5)
  A jelly (D:5)
  6 hounds
  3 orc priests
  2 orc wizards (D:5)
  Ijyb (D:3)
  A worker ant (D:4)
  2 iguanas
  A howler monkey skeleton (D:4)
  3 gnolls (D:5)
  5 adders
  2 oozes
  2 worms
  2 dart slugs (D:3)
  3 leopard geckos
  17 orcs
  3 giant cockroaches
  4 goblins
  8 hobgoblins
  8 jackals
  2 quokkas
  2 ball pythons
  10 bats
  7 frilled lizards
  6 kobolds
  A leopard gecko skeleton (D:4)
  13 rats
135 creatures vanquished.

Notes
Turn   | Place    | Note
-------+----------+-------------------------------------------
     0 | D:1      | Tulipo the Mummy Gladiator began the quest for the Orb.
     0 | D:1      | Reached XP level 1. HP: 16/16 MP: 1/1
   134 | D:1      | Reached XP level 2. HP: 17/22 MP: 2/2
  1002 | D:2      | Reached XP level 3. HP: 25/27 MP: 3/3
  1076 | D:2      | Reached skill level 3 in Staves
  1343 | D:2      | Found a faded altar of an unknown god.
  1781 | D:3      | Noticed Grinder
  1795 | D:3      | Paralysed by Grinder for 2 turns
  1802 | D:3      | Killed Grinder
  1802 | D:3      | Reached skill level 4 in Staves
  1802 | D:3      | Reached skill level 1 in Armour
  1802 | D:3      | Reached XP level 4. HP: 33/34 MP: 4/4
  1802 | D:3      | Reached XP level 5. HP: 38/39 MP: 5/5
  1862 | D:3      | Noticed kohrah's ghost (amateur DsAM)
  1898 | D:3      | Killed kohrah's ghost
  1898 | D:3      | Reached skill level 5 in Staves
  1898 | D:3      | Reached XP level 6. HP: 15/46 MP: 6/6
  2184 | D:3      | Found a blossoming altar of Fedhas.
  2310 | D:3      | Noticed Ijyb
  2327 | D:3      | Killed Ijyb
  2327 | D:3      | Reached XP level 7. HP: 51/51 MP: 7/7
  2545 | D:3      | Noticed Sigmund
  2546 | D:3      | Found a burning altar of Makhleb.
  2546 | D:3      | Noticed a blizzard demon
  2581 | D:3      | Killed Sigmund
  2581 | D:3      | Reached skill level 6 in Staves
  3521 | D:4      | Reached skill level 7 in Staves
  3754 | D:4      | Reached XP level 8. HP: 50/58 MP: 8/8
  4377 | D:5      | Entered Level 5 of the Dungeon
  4387 | D:5      | Reached skill level 8 in Staves
  4464 | D:5      | Found a shattered altar of Ashenzari.
  4887 | D:5      | Reached XP level 9. HP: 56/65 MP: 9/9
  5085 | D:5      | Reached skill level 9 in Staves
  5831 | D:6      | Slain by an orc warrior

Vault maps used:
D:1:      grunt_arrival_lava_bath, serial_glass, glass_columns_b,
          glass_columns_a, minmay_split_cup_large
D:2:      chequers_ecumenical_altar_simple
D:3:      makhleb_altar_promises_db, lemuel_round_altar, uniq_grinder,
          uniq_sigmund, uniq_ijyb
D:4:      first_bread
D:5:      nicolae_ashenzari_panopticon
D:6:      serial_park, serial_park_gazebo, serial_park_tiny_pond,
          serial_park_tiny_pond, serial_park_tiny_pond, serial_park_tiny_pond,
          serial_shops, nicolae_shop_overgrown_old_shop, minivault_10,
          uniq_prince_ribbit1, uniq_menkaure

Skill      XL: |  1  2  3  4  5  6  7  8  9 |
---------------+----------------------------+-----
Staves         | 4 5 7 8 9 |  9.2
Throwing       | 2 |  2.0
Armour         | 1 2 3 |  3.4
Fighting       | 3 4 |  4.2
Dodging        | |  2.9

Action                   |  1- 3 |  4- 6 |  7- 9 || total
-------------------------+-------+-------+-------++-------
Melee: Quarterstaff      |   145 |    74 |   412 ||   631
Throw: Throwing net      |       |       |     4 ||     4
Evoke: Wand              |       |       |     3 ||     3
  Use: Scroll            |       |       |     2 ||     2
 Stab: Held in net/web   |       |       |     2 ||     2
Armor: Leather armour    |    18 |       |       ||    18
       Chain mail        |    61 |    30 |   168 ||   259
Dodge: Dodged            |    86 |    30 |   201 ||   317

Table legend:
 A = Spawn XP
 B = Non-spawn XP
 C = Spawn XP percentage of total XP
 D = Spawn monster count
 E = Non-spawn monster count
 F = Spawn count percentage of total count
 G = Total turns spent on level
                    A         B        C        D         E        F      G
               +---------+---------+-------+---------+---------+-------+---------
         Total |       0 |    3352 |   0.0 |       0 |     135 |   0.0 |  5831
               +---------+---------+-------+---------+---------+-------+---------
           D:1 |       0 |      30 |   0.0 |       0 |      18 |   0.0 |   927
           D:2 |       0 |      50 |   0.0 |       0 |      23 |   0.0 |   849
           D:3 |       0 |     947 |   0.0 |       0 |      33 |   0.0 |  1285
           D:4 |       0 |    1030 |   0.0 |       0 |      32 |   0.0 |  1316
           D:5 |       0 |    1251 |   0.0 |       0 |      27 |   0.0 |  1431
           D:6 |       0 |      44 |   0.0 |       0 |       2 |   0.0 |    23
               +---------+---------+-------+---------+---------+-------+---------
